[Event "VI Floripa Open 2020"]
[Site "Florianopolis"]
[Date "2020.01.21"]
[Round "3.180"]
[White "Da Silva, Kauan Salvagni Teles"]
[Black "Steuck, Camilli"]
[Result "0-1"]
[ECO "C50"]
[WhiteElo "1005"]
[BlackElo "1269"]
[Annotator "NA"]
[PlyCount "60"]
[EventDate "2020.01.20"]
[EventType "swiss"]
[EventRounds "10"]
[EventCountry "BRA"]
[SourceTitle "playchess.com"]
[Source "ChessBase"]
[SourceQuality "1"]
[TimeControl "5400+30"]

1. e4 e5 2. Nf3 Nc6 3. Bc4 Bc5 4. d3 h6 5. Be3 Bb6 6. Nc3 d6 7. h3 Nf6 8. O-O Bd7 9. Re1 Ne7 10. Qd2 c6 11. a3 Ng6 12. Rac1 Bc7 13. Ne2 Qc8 14. Ng3 O-O 15. Nf5 Bxf5 16. exf5 Qxf5 17. Bxh6 gxh6 18. Qxh6 Qh5 19. Qe3 Bb6 20. Qg5 Qxg5 21. Nxg5 d5 22. Bb3 Kg7 23. Nf3 Rae8 24. c4 Rh8 25. Ba2 Rh5 26. g4 Rxh3 27. Nh2 Reh8 28. Nf1 Nf4 29. Ng3 Rxg3+ 30. Kf1 Rh1# 0-1